 Dungeon Crawl Stone Soup version 0.23-a0-309-ge7838e6 (webtiles) character file.

176 galech the Covered (level 5, -1/41 HPs)
             Began as a Demonspawn Fighter on Oct 11, 2018.
             Slain by a mummy (10 damage)
             ... in an ossuary.
             The game lasted 00:04:58 (2873 turns).

galech the Covered (Demonspawn Fighter)             Turns: 2873, Time: 00:04:59

Health: -1/41      AC: 12    Str: 16    XL:     5   Next: 30%
Magic:  0/5        EV:  6    Int:  9    God:
Gold:   95         SH:  9    Dex: 14    Spells: 4/4 levels left

rFire    . . .     SeeInvis .   l - +1 short sword
rCold    . . .     Gourm    .   c - +0 shield
rNeg     . . .     Faith    .   k - +0 chain mail
rPois    .         Spirit   +   s - +2 hat
rElec    .         Reflect  .   (no cloak)
rCorr    .         Harm     .   (no gloves)
MR       .....                  r - +0 pair of boots
Stlth    ..........             (no amulet)
HPRegen  0.13/turn              (no ring)
MPRegen  0.09/turn              (no ring)

@: no status effects
A: nightstalker 1, magic shield, sturdy frame 1
a: no special abilities


You were in an ossuary.
You were not hungry.

You visited 1 branch of the dungeon, and saw 4 of its levels.
You also visited: Ossuary.

You collected 95 gold pieces.

Inventory:

Hand Weapons
 a - a +0 war axe
 l - a +1 short sword (weapon)
Armour
 c - a +0 shield (worn)
 k - a +0 chain mail (worn)
 r - a +0 pair of boots (worn)
 s - a +2 hat (worn)
Scrolls
 g - a scroll of identify
 h - 2 scrolls of enchant armour
 i - 2 scrolls of fog
 j - 2 scrolls of fear
 m - a scroll of amnesia
Potions
 b - a potion of berserk rage {unknown}
 d - 2 potions of might
 e - 4 potions of curing {unknown}
Comestibles
 f - 8 rations


   Skills:
 + Level 3.5 Fighting
 + Level 1.5 Short Blades
 + Level 2.6 Axes
 + Level 3.5 Armour
 + Level 1.0 Dodging
 + Level 3.5 Shields


You had 4 spell levels left.
You didn't know any spells.
Your spell library was empty.

Dungeon Overview and Level Annotations

Branches:
Dungeon (4/15)
 Temple: D:4-7

Altars:


Innate Abilities, Weirdness & Mutations

You are slightly more attuned to the shadows.
When hurt, damage is shared between your health and your magic reserves.
Your movements are slightly less encumbered by armour. (ER -2)


Message History

You are too injured to fight recklessly!
You are too injured to fight recklessly!
You are too injured to fight recklessly!
You hit the mummy but do no damage.
The mummy is moderately damaged.
The mummy completely misses you. The mummy hits you but does no damage.
Your chain mail prevents you from hitting the mummy.
The mummy is moderately damaged.
You block the mummy's attack.
You hit the mummy but do no damage.
The mummy is moderately damaged.
The mummy hits you!
* * * LOW HITPOINT WARNING * * *
You hit the mummy.
The mummy is heavily damaged.
You block the mummy's attack. The mummy hits you but does no damage.
You hit the mummy but do no damage.
The mummy is heavily damaged.
The mummy hits you!
You die...

.....MM...
#........
#......
#....#
#....#
#....#
#....#
#..MM#
#...@#
#....#
#....#
#.∩∩.#
######


You could see 2 mummies.

Vanquished Creatures
  Terence (D:2)
  2 mummies (Ossuary)
  4 adders
  3 oozes (D:1)
  2 dart slugs (D:2)
  2 leopard geckos (D:2)
  3 orcs (D:3)
  8 giant cockroaches
  4 gnoll zombies (Ossuary)
  5 goblins
  4 hobgoblins
  2 ball pythons
  10 bats
  4 frilled lizards
  A hobgoblin zombie (Ossuary)
  8 kobolds
  2 kobold zombies (Ossuary)
  8 rats
73 creatures vanquished.

Notes
Turn   | Place    | Note
-------+----------+-------------------------------------------
     0 | D:1      | galech the Demonspawn Fighter began the quest for the Orb.
     0 | D:1      | Reached XP level 1. HP: 18/18 MP: 1/1
    57 | D:1      | Gained mutation: You are slightly more attuned to the
                  | shadows. [demonic ancestry]
    57 | D:1      | Reached XP level 2. HP: 24/24 MP: 2/2
   514 | D:1      | Reached XP level 3. HP: 27/29 MP: 3/3
   784 | D:2      | Noticed Terence
   792 | D:2      | Killed Terence
  1002 | D:2      | Gained mutation: Your movements are slightly less
                  | encumbered by armour. (ER -2) [demonic ancestry]
  1002 | D:2      | Reached XP level 4. HP: 28/35 MP: 4/4
  1960 | D:3      | Reached skill level 1 in Short Blades
  2162 | D:3      | Gained mutation: When hurt, damage is shared between your
                  | health and your magic reserves. [demonic ancestry]
  2162 | D:3      | Reached XP level 5. HP: 41/41 MP: 5/5
  2262 | D:4      | Noticed an ogre
  2558 | D:4      | Found a sand-covered staircase.
  2565 | Ossuary  | Entered an ossuary
  2652 | Ossuary  | Reached skill level 1 in Dodging
  2873 | Ossuary  | Slain by a mummy

Vault maps used:
D:1:      erik_arrival_gehennom
D:2:      uniq_terence
D:4:      nicolae_ossuary_entry_ruins
Ossuary:  ossuary_tomb_3

Skill      XL: |  1  2  3  4  5 |
---------------+----------------+-----
Armour         | 3 |  3.5
Axes           | 2 |  2.6
Shields        | 3 |  3.5
Short Blades   | 1 |  1.5
Dodging        | 1 |  1.0
Fighting       | |  3.5

Action                   |  1- 3 |  4- 6 || total
-------------------------+-------+-------++-------
Melee: War axe           |    67 |     1 ||    68
       Short sword       |    14 |   226 ||   240
  Use: Scroll            |       |     8 ||     8
  Eat: Chunk             |       |     7 ||     7
Armor: Scale mail        |    28 |       ||    28
       Chain mail        |     6 |   157 ||   163
Dodge: Dodged            |    10 |    60 ||    70
Block: Shield            |    45 |   122 ||   167

Table legend:
 A = Non-vault XP
 B = Vault XP
 C = Vault XP percentage of total XP
 D = Non-vault monster count
 E = Vault monster count
 F = Vault count percentage of total count
                 A         B        C        D         E       F
            +---------+---------+-------+---------+---------+-------
      Total |     152 |     100 |  39.7 |      58 |      15 |  20.5
            +---------+---------+-------+---------+---------+-------
        D:1 |      25 |      18 |  41.9 |      14 |       5 |  26.3
        D:2 |      66 |      32 |  32.7 |      24 |       1 |   4.0
        D:3 |      57 |       0 |   0.0 |      18 |       0 |   0.0
        D:4 |       4 |       0 |   0.0 |       2 |       0 |   0.0
    Ossuary |       0 |      50 | 100.0 |       0 |       9 | 100.0
            +---------+---------+-------+---------+---------+-------
